[Event "Titled Tuesday Blitz January 10 Early 2023"]
[White "Gutkin, Ilya"]
[Black "Kim, Yoon-Young"]
[WhiteFideId "16203470"]
[BlackFideId "30908779"]
[WhiteElo "2273"]
[BlackElo "2304"]
[Result "0-1"]
[Round "04"]
[TimeControl "180+2"]
[Date "2023.01.10"]
[WhiteClock "0:00:01"]
[BlackClock "0:00:55"]

1. Nf3 d5 2. g3 g6 3. Bg2 Bg7 4. c4 d4 5. d3 c5 6. O-O Nc6 7. a3 a5 8. Nbd2 Nf6 9. Rb1 O-O 10. Re1 Bf5 11. Nb3 Qb6 12. e4 dxe3 13. Bxe3 Nd7 14. Nh4 Be6 15. Qc2 a4 16. Nd2 Nd4 17. Bxd4 Bxd4 18. Nhf3 Bf6 19. Ne4 Bg7 20. Nc3 h6 21. Nxa4 Qd6 22. Nc3 Rfd8 23. Nb5 Qb8 24. d4 Bf5 25. Qc1 Bxb1 26. Qxb1 cxd4 27. Nfxd4 Nc5 28. Rxe7 Bxd4 29. Rxb7 Nxb7 30. Bd5 Rxd5 31. cxd5 Bf6 32. Qe4 Nd6 0-1


[Site "https://www.chess.com"]

[Event "Titled Tuesday Blitz January 10 Early 2023"]
[White "Marcziter, Dmitrii"]
[Black "Dehtiarov, Roman"]
[WhiteFideId "13900765"]
[BlackFideId "14186640"]
[WhiteElo "2234"]
[BlackElo "2289"]
[Result "0-1"]
[Round "04"]
[TimeControl "180+2"]
[Date "2023.01.10"]
[WhiteClock "0:01:46"]
[BlackClock "0:01:37"]

1. d4 Nf6 2. Nf3 d5 3. c4 e6 4. g3 b6 5. Bg2 Bb7 6. O-O Nbd7 7. b3 Be7 8. Bb2 O-O 9. Nbd2 c6 10. Qc2 Rc8 11. e4 dxe4 12. Nxe4 Nxe4 13. Qxe4 Nf6 14. Qe2 c5 15. Rad1 cxd4 16. Bxd4 Qe8 17. Rfe1 h6 18. Bh3 Rd8 19. Ne5 Bb4 20. Rf1 Nh7 21. Bg2 Bxg2 22. Kxg2 f6 23. Ng6 Qxg6 24. Qxe6+ Qf7 25. Qg4 Bc5 26. Bc3 h5 27. Qf5 Ng5 28. h4 Qb7+ 29. f3 Nf7 30. Qg6 Ne5 31. Qxh5 g6 32. Qh6 Rxd1 33. Bxe5 Rxf1 34. Kxf1 Qxf3+ 35. Ke1 Qe3+ 36. Kd1 Qxh6 0-1


[Site "https://www.chess.com"]

[Event "Titled Tuesday Blitz January 10 Early 2023"]
[White "Foerster-Yialamas, Lucas"]
[Black "Khamzin, Olzhas"]
[WhiteFideId "30901774"]
[BlackFideId "13701690"]
[WhiteElo "2151"]
[BlackElo "2301"]
[Result "1-0"]
[Round "04"]
[TimeControl "180+2"]
[Date "2023.01.10"]
[WhiteClock "0:01:58"]
[BlackClock "0:01:56"]

1. e4 c5 2. Nf3 d6 3. d4 cxd4 4. c3 Nf6 5. cxd4 Nxe4 6. Bd3 Qa5+ 7. Nbd2 Nxd2 8. Bxd2 Qb6 9. Rc1 Nc6 10. d5 Nd8 11. Rxc8 Rxc8 12. Qa4+ Nc6 13. dxc6 bxc6 14. O-O e6 15. Rc1 Kd7 16. Nd4 a6 17. Bxa6 Ra8 18. Rxc6 Rxa6 19. Qxa6 Qxa6 20. Rxa6 Be7 21. Ra7+ 1-0


[Site "https://www.chess.com"]

[Event "Titled Tuesday Blitz January 10 Early 2023"]
[White "Szpar, Milosz"]
[Black "Samaganova, Aleksandra"]
[WhiteFideId "1184989"]
[BlackFideId "13800221"]
[WhiteElo "2447"]
[BlackElo "1856"]
[Result "1-0"]
[Round "04"]
[TimeControl "180+2"]
[Date "2023.01.10"]
[WhiteClock "0:00:37"]
[BlackClock "0:00:02"]

1. e4 c5 2. Nf3 e6 3. d4 cxd4 4. Nxd4 a6 5. c4 Qc7 6. a3 Nf6 7. Nc3 b6 8. Be3 Bb7 9. f3 d6 10. Be2 Nbd7 11. O-O Be7 12. Qd2 Rc8 13. Rfc1 O-O 14. b4 Qb8 15. Kh1 Rfe8 16. Rab1 Bd8 17. Rc2 Bc7 18. Bg1 d5 19. cxd5 exd5 20. exd5 Bf4 21. Qd1 Qe5 22. Nc6 Bxc6 23. dxc6 Rxc6 24. Rb3 Qh5 25. Nd5 Rd6 26. Nxf6+ Nxf6 27. Rd3 Rde6 28. Rd8 h6 29. Rcc8 Qe5 30. Rxe8+ Rxe8 31. Rxe8+ Qxe8 32. Bxb6 Bxh2 33. Qd8 Qxd8 34. Bxd8 Be5 35. Bxa6 Bb2 36. a4 Nd5 37. b5 Nc3 38. a5 Ba3 39. Bc7 Bb4 40. Bd8 Nd5 41. b6 Bxa5 42. b7 Bc7 43. Bxc7 Nxc7 44. b8=Q+ 1-0


[Site "https://www.chess.com"]

[Event "Titled Tuesday Blitz January 10 Early 2023"]
[White "Hamley, Ryan"]
[Black "Torres Dominguez, David"]
[WhiteFideId "30959497"]
[BlackFideId "2220857"]
[WhiteElo "2092"]
[BlackElo "1994"]
[Result "0-1"]
[Round "04"]
[TimeControl "180+2"]
[Date "2023.01.10"]
[WhiteClock "0:00:47"]
[BlackClock "0:00:44"]

1. d4 e5 2. dxe5 d6 3. exd6 Bxd6 4. Nf3 Bg4 5. g3 Nc6 6. Bg2 Qe7 7. O-O O-O-O 8. Qe1 Nf6 9. Nbd2 Rhe8 10. e3 h5 11. h3 Bf5 12. Nc4 Bc5 13. Qe2 g5 14. Nxg5 Nd4 15. exd4 Qxe2 16. Ne3 Bxd4 17. Nxf5 Bb6 18. Bf4 Nd5 19. Bf3 Qxc2 20. Nxf7 Qxf5 21. Nxd8 Rxd8 22. Bxd5 Rxd5 23. Rae1 h4 24. Kg2 hxg3 25. Bxg3 Rd3 26. b4 Qf3+ 27. Kh2 Bxf2 28. Bxf2 Qxh3+ 29. Kg1 Qg4+ 30. Bg3 Rxg3+ 0-1


[Site "https://www.chess.com"]

[Event "Titled Tuesday Blitz January 10 Early 2023"]
[White "Molina, Roberto Junio Brito"]
[Black "Fabris, Alberto"]
[WhiteFideId "2109450"]
[BlackFideId "801348"]
[WhiteElo "2403"]
[BlackElo "2230"]
[Result "1-0"]
[Round "04"]
[TimeControl "180+2"]
[Date "2023.01.10"]
[WhiteClock "0:00:57"]
[BlackClock "0:00:09"]

1. d4 Nf6 2. c4 e6 3. Nf3 d5 4. Nc3 c6 5. Bg5 Nbd7 6. e3 Be7 7. Bd3 dxc4 8. Bxc4 O-O 9. O-O Nd5 10. Bxe7 Qxe7 11. Rc1 Nxc3 12. Rxc3 e5 13. Re1 e4 14. Nd2 Nf6 15. f3 exf3 16. Qxf3 Bg4 17. Qf2 Ne4 18. Nxe4 Qxe4 19. h3 Bh5 20. Bd3 Qe7 21. Rc5 Bg6 22. Bxg6 hxg6 23. e4 Rad8 24. d5 cxd5 25. exd5 Qd6 26. Rd1 Rfe8 27. Rc3 a6 28. Rf3 Re7 29. b3 Red7 30. Rfd3 Qf6 31. Qxf6 gxf6 32. Kf2 Kf8 33. d6 Rc8 34. Kf3 Rc2 35. R1d2 Rxd2 36. Rxd2 Rd8 37. Ke4 Ke8 38. Kd5 Kd7 39. Re2 Re8 40. Rxe8 Kxe8 41. a4 Kd7 42. a5 f5 43. Ke5 f4 44. h4 Kc6 45. Kf6 Kxd6 46. Kxf7 1-0


[Site "https://www.chess.com"]

[Event "Titled Tuesday Blitz January 10 Early 2023"]
[White "Makarian, Rudik"]
[Black "Kozin, Yuri"]
[WhiteFideId "44105681"]
[BlackFideId "4129920"]
[WhiteElo "2545"]
[BlackElo "2251"]
[Result "1-0"]
[Round "04"]
[TimeControl "180+2"]
[Date "2023.01.10"]
[WhiteClock "0:01:04"]
[BlackClock "0:00:01"]

1. d4 d5 2. c4 c6 3. Nf3 Nf6 4. g3 g6 5. Bg2 Bg7 6. O-O dxc4 7. Na3 O-O 8. Nxc4 Nbd7 9. b3 Nb6 10. Bb2 Bf5 11. Nfe5 a5 12. a4 Nfd7 13. Nxd7 Nxd7 14. e4 Be6 15. Qe2 Nb6 16. Rfd1 Nxc4 17. bxc4 Qd7 18. d5 cxd5 19. cxd5 Bg4 20. f3 Bh3 21. Bxh3 Qxh3 22. Rab1 Qd7 23. Bxg7 Kxg7 24. Rb5 Kg8 25. Rdb1 Rfc8 26. R1b2 Rc3 27. Kg2 Rac8 28. Rxa5 R8c4 29. Rab5 h5 30. a5 h4 31. gxh4 Qd6 32. h5 gxh5 33. Qf2 h4 34. R5b3 Rc1 35. Kh3 R4c3 36. Rxc3 Rxc3 37. Qg2+ Kh7 38. Qg4 Qa3 39. Qxh4+ 1-0


[Site "https://www.chess.com"]

[Event "Titled Tuesday Blitz January 10 Early 2023"]
[White "Baches Garcia, Guillermo"]
[Black "Tan, Zhongyi"]
[WhiteFideId "2209764"]
[BlackFideId "8603642"]
[WhiteElo "2327"]
[BlackElo "2517"]
[Result "0-1"]
[Round "04"]
[TimeControl "180+2"]
[Date "2023.01.10"]
[WhiteClock "0:00:10"]
[BlackClock "0:01:17"]

1. e4 c5 2. Nf3 d6 3. d4 cxd4 4. Nxd4 Nf6 5. Nc3 a6 6. Be3 e6 7. g4 d5 8. exd5 Nxd5 9. Nxd5 Qxd5 10. Rg1 Be7 11. Bg2 Qc4 12. Qe2 Qxe2+ 13. Kxe2 Nd7 14. Nb3 Ne5 15. h3 Nc4 16. Bd4 e5 17. Bc3 f6 18. Na5 Nxa5 19. Bxa5 Bd8 20. Bd2 Rb8 21. c4 Be6 22. b3 Be7 23. Rad1 b5 24. cxb5 axb5 25. Be3 Kf7 26. Bd5 Rhc8 27. Bxe6+ Kxe6 28. Rc1 Ba3 29. Rxc8 Rxc8 30. Kd3 g6 31. f3 b4 32. Rg2 Rc3+ 33. Ke2 Bc1 34. Bxc1 Rxc1 35. Kd3 Rc3+ 36. Ke2 Rc2+ 37. Kf1 Rxg2 38. Kxg2 f5 0-1


[Site "https://www.chess.com"]

[Event "Titled Tuesday Blitz January 10 Early 2023"]
[White "Weetik, Vjacheslav"]
[Black "Ronka, Erik"]
[WhiteFideId "4153472"]
[BlackFideId "505080"]
[WhiteElo "2423"]
[BlackElo "2276"]
[Result "1-0"]
[Round "04"]
[TimeControl "180+2"]
[Date "2023.01.10"]
[WhiteClock "0:01:00"]
[BlackClock "0:00:12"]

1. d4 f5 2. g3 e6 3. Bg2 Nf6 4. c4 Be7 5. Nf3 O-O 6. d5 Qe8 7. Nc3 Ne4 8. Nxe4 fxe4 9. Nd4 exd5 10. cxd5 Bb4+ 11. Bd2 Bc5 12. Bc3 e3 13. f4 g5 14. Qd3 gxf4 15. O-O-O b6 16. Be4 Qe7 17. gxf4 Ba6 18. Rhg1+ Kf7 19. Bg6+ Kg7 20. Nf5+ 1-0


[Site "https://www.chess.com"]

[Event "Titled Tuesday Blitz January 10 Early 2023"]
[White "Begmuratov, Khumoyun"]
[Black "Arencibia Monduy, Antonio"]
[WhiteFideId "14210207"]
[BlackFideId "3507939"]
[WhiteElo "2387"]
[BlackElo "2122"]
[Result "1-0"]
[Round "04"]
[TimeControl "180+2"]
[Date "2023.01.10"]
[WhiteClock "0:00:34"]
[BlackClock "0:00:02"]

1. e4 e6 2. d3 d5 3. Nd2 Nf6 4. Ngf3 dxe4 5. Nxe4 Nxe4 6. dxe4 Qxd1+ 7. Kxd1 Bc5 8. Ke1 Nc6 9. c3 e5 10. Bb5 f6 11. Ke2 Bd7 12. Be3 Bxe3 13. Kxe3 O-O-O 14. Rad1 a6 15. Bc4 Na5 16. Be2 Be6 17. b3 c5 18. Nd2 Kc7 19. g3 b5 20. f4 Rd7 21. fxe5 fxe5 22. Nf3 Nc6 23. Ng5 Re7 24. Rhf1 h6 25. Nxe6+ Rxe6 26. Rd5 Kb6 27. Rf7 b4 28. cxb4 Nxb4 29. Rdd7 Nxa2 30. Bc4 Rg6 31. Rfe7 Nb4 32. Rxe5 Rf8 33. Ree7 Rgf6 34. Rb7+ Ka5 35. Re5 Rc8 36. Rxg7 Nc2+ 37. Kd2 Nd4 38. Rd5 Rf2+ 39. Kd1 Rcf8 40. Rb7 R8f6 41. Rxc5+ 1-0


[Site "https://www.chess.com"]

[Event "Titled Tuesday Blitz January 10 Early 2023"]
[White "Shohat, Yotam"]
[Black "Tasev, Dejan"]
[WhiteFideId "2813955"]
[BlackFideId "936618"]
[WhiteElo "2346"]
[BlackElo "2205"]
[Result "1-0"]
[Round "04"]
[TimeControl "180+2"]
[Date "2023.01.10"]
[WhiteClock "0:00:20"]
[BlackClock "0:00:55"]

1. d4 e6 2. e4 d5 3. Nc3 Nf6 4. e5 Ng8 5. Nce2 Ne7 6. Nf3 c5 7. c3 cxd4 8. cxd4 Nbc6 9. Ng3 g6 10. Bd3 Bd7 11. h4 h5 12. Bg5 Qb6 13. Bf6 Rg8 14. O-O Nxd4 15. Nxd4 Qxd4 16. Rc1 Qb6 17. Qf3 Bc6 18. b4 Qxb4 19. Rb1 Qg4 20. Qe3 d4 21. Qd2 Nd5 22. Rfc1 Nxf6 23. exf6 Bd6 24. Rxc6 bxc6 25. Be4 Rc8 26. Qxd4 Qf4 27. Rd1 Rd8 28. Bxc6+ Kf8 29. Qxf4 1-0


[Site "https://www.chess.com"]

[Event "Titled Tuesday Blitz January 10 Early 2023"]
[White "Klose, Eli"]
[Black "Rengifo Blancas, Renzo Jhonathan"]
[WhiteFideId "16242955"]
[BlackFideId "3807185"]
[WhiteElo "1519"]
[BlackElo "2131"]
[Result "1-0"]
[Round "04"]
[TimeControl "180+2"]
[Date "2023.01.10"]
[WhiteClock "0:00:33"]
[BlackClock "0:00:09"]

1. e4 e5 2. Nf3 Nc6 3. d4 exd4 4. Bc4 Bc5 5. Ng5 Nh6 6. Nxf7 Nxf7 7. Bxf7+ Kxf7 8. Qh5+ g6 9. Qxc5 d6 10. Qb5 Qh4 11. Nd2 Re8 12. O-O Kg7 13. b3 Re5 14. Qd3 Nb4 15. Qc4 Bg4 16. f3 Rh5 17. fxg4 Qxh2+ 18. Kf2 Qh4+ 19. Kg1 Qh2+ 20. Kf2 Qh4+ 21. Ke2 Qxg4+ 22. Nf3 Qxe4+ 23. Kd1 Rc5 24. Qxd4+ Qxd4+ 25. Nxd4 Rd5 26. c3 c5 27. cxb4 Rxd4+ 28. Kc2 Rxb4 29. Bb2+ Kg8 30. Rae1 Rd8 31. Re7 Rg4 32. Rg7+ Kh8 33. Rd7+ 1-0


[Site "https://www.chess.com"]

[Event "Titled Tuesday Blitz January 10 Early 2023"]
[White "marik_spb"]
[Black "Yelisieiev, Yevhenii"]
[BlackFideId "14139642"]
[WhiteElo "2432"]
[BlackElo "2418"]
[Result "1-0"]
[Round "04"]
[TimeControl "180+2"]
[Date "2023.01.10"]
[WhiteClock "0:00:11"]
[BlackClock "0:00:10"]

1. d4 d6 2. c4 e5 3. dxe5 dxe5 4. Qxd8+ Kxd8 5. g3 Be6 6. b3 Nd7 7. Bg2 c6 8. Nf3 f6 9. O-O Kc7 10. Nc3 Ne7 11. Rd1 Rd8 12. Ne4 h6 13. Bb2 Nc8 14. Nh4 Ne7 15. Rd2 g5 16. Nxf6 gxh4 17. Rxd7+ Bxd7 18. Bxe5+ Kb6 19. Nxd7+ Rxd7 20. Bxh8 hxg3 21. hxg3 Ng6 22. Bc3 a5 23. Be4 Ne7 24. Bc2 Nc8 25. Rd1 Rxd1+ 26. Bxd1 Bc5 27. Kg2 Ne7 28. e4 Ng6 29. f4 Bf8 30. Bc2 Kc5 31. e5 Ne7 32. Bxa5 Kd4 33. Bd2 b5 34. cxb5 cxb5 35. Kf3 Nd5 36. g4 b4 37. Be4 Nc3 38. Bxc3+ bxc3 39. a4 Bb4 40. e6 Ba5 41. e7 c2 42. Bxc2 Kc3 43. Be4 Kxb3 44. e8=Q 1-0


[Site "https://www.chess.com"]

[Event "Titled Tuesday Blitz January 10 Early 2023"]
[White "Soham Kamotra"]
[Black "Rychkov, Roman"]
[WhiteFideId "46647490"]
[BlackFideId "30985595"]
[WhiteElo "2319"]
[BlackElo "2023"]
[Result "1-0"]
[Round "04"]
[TimeControl "180+2"]
[Date "2023.01.10"]
[WhiteClock "0:00:55"]
[BlackClock "0:00:05"]

1. d4 Nf6 2. Nc3 d5 3. Bf4 a6 4. e3 Nc6 5. Nf3 Bf5 6. a3 h6 7. h3 Ne4 8. Nxe4 Bxe4 9. c4 e6 10. Qb3 Rb8 11. Nd2 dxc4 12. Qxc4 Bh7 13. Qc3 Qd7 14. Rc1 Bd6 15. Bxd6 cxd6 16. Bxa6 bxa6 17. Qxc6 Qxc6 18. Rxc6 Kd7 19. Rxa6 Rxb2 20. Ra7+ Kc6 21. Ke2 Bg6 22. Rc1+ Kb6 23. Rcc7 Rb8 24. Kd1 Bd3 25. Rxf7 Ra2 26. Rac7 Rxa3 27. Rc1 d5 28. Rfc7 Ka6 29. R7c6+ Rb6 30. R6c3 Ra2 31. Rxd3 Rbb2 32. Rcc3 Ra1+ 33. Ke2 Rba2 34. Rb3 Ka5 35. Rb8 Ka4 36. Rdb3 Ra3 37. Ra8# 1-0


[Site "https://www.chess.com"]

[Event "Titled Tuesday Blitz January 10 Early 2023"]
[White "Jenkins, Drake"]
[Black "Iskusnyh, Sergei"]
[WhiteFideId "2022397"]
[BlackFideId "4120027"]
[WhiteElo "2130"]
[BlackElo "2440"]
[Result "1-0"]
[Round "04"]
[TimeControl "180+2"]
[Date "2023.01.10"]
[WhiteClock "0:00:10"]
[BlackClock "0:00:17"]

1. Nf3 d5 2. c4 c6 3. g3 Nf6 4. Bg2 Bf5 5. O-O e6 6. d3 Be7 7. Nbd2 h6 8. b4 Nbd7 9. b5 Rc8 10. bxc6 bxc6 11. Qa4 Nc5 12. Qc2 O-O 13. Rb1 Qa5 14. Nb3 Qa6 15. Nbd4 Bg6 16. Ne5 Bh7 17. Ndxc6 Rxc6 18. Nxc6 Qxc6 19. cxd5 Nxd5 20. Ba3 Rc8 21. Rfc1 Qa6 22. Bxc5 Rxc5 23. Rb8+ Bf8 24. Qxc5 Bf5 25. Qxf8+ Kh7 26. Qxf7 Nf6 27. Rb7 1-0


[Site "https://www.chess.com"]

[Event "Titled Tuesday Blitz January 10 Early 2023"]
[White "Fisher_TheGalactic"]
[Black "Avalos Parra, Joao"]
[BlackFideId "3402541"]
[WhiteElo "2530"]
[BlackElo "2185"]
[Result "1-0"]
[Round "04"]
[TimeControl "180+2"]
[Date "2023.01.10"]
[WhiteClock "0:01:35"]
[BlackClock "0:00:47"]

1. Nf3 d5 2. g3 Nf6 3. Bg2 e6 4. O-O c5 5. d3 Nc6 6. Nbd2 Be7 7. e4 O-O 8. exd5 exd5 9. Re1 Bg4 10. h3 Be6 11. Ng5 Bd7 12. Ngf3 h6 13. Nf1 Be6 14. Bf4 Qb6 15. Rb1 Rfe8 16. Ne5 Bf8 17. Nxc6 bxc6 18. Ne3 Nd7 19. g4 Qa6 20. a3 Rad8 21. Qd2 Nb6 22. Nf5 c4 23. d4 Qc8 24. Ng3 Bd6 25. Bxd6 Rxd6 26. c3 Rdd8 27. Re2 Bd7 28. Rbe1 Qc7 29. Nf5 Rxe2 30. Qxe2 Re8 31. Qxe8+ Bxe8 32. Rxe8+ Kh7 33. Re7 Qf4 34. Rxf7 Qc1+ 35. Bf1 Qxb2 36. Rxg7+ Kh8 37. Rxa7 Qxc3 38. Nxh6 Qxd4 39. g5 c3 40. g6 c2 41. Rh7# 1-0


[Site "https://www.chess.com"]

[Event "Titled Tuesday Blitz January 10 Early 2023"]
[White "Novik, Maxim"]
[Black "Hartikainen, Jarmo"]
[WhiteFideId "4102924"]
[BlackFideId "503134"]
[WhiteElo "2436"]
[BlackElo "2108"]
[Result "1/2-1/2"]
[Round "04"]
[TimeControl "180+2"]
[Date "2023.01.10"]
[WhiteClock "0:00:52"]
[BlackClock "0:01:06"]

1. e4 c5 2. Nf3 e6 3. g3 Nc6 4. Bg2 d6 5. O-O Nf6 6. Re1 Qc7 7. c3 Be7 8. d4 cxd4 9. cxd4 O-O 10. Nc3 a6 11. e5 dxe5 12. dxe5 Rd8 13. Qe2 Nd5 14. Nxd5 Rxd5 15. Bf4 b5 16. Rac1 Bb7 17. Ng5 Bxg5 18. Bxd5 Bxf4 19. Rxc6 Bxc6 20. Bxc6 Qxc6 21. gxf4 Rc8 22. Qe4 Qxe4 23. Rxe4 Rc2 24. Rb4 Kf8 25. Kg2 Ke7 26. a4 bxa4 27. Rxa4 Rxb2 28. Rxa6 g6 29. Kg3 Rc2 30. Ra7+ Ke8 31. f3 Kf8 32. h3 Kg7 33. Rb7 Rc1 34. Ra7 Rg1+ 35. Kf2 Rb1 36. Kg3 Rg1+ 37. Kf2 Rb1 38. Kg3 Rg1+ 1/2-1/2


[Site "https://www.chess.com"]

[Event "Titled Tuesday Blitz January 10 Early 2023"]
[White "Sala, Giulia"]
[Black "Goltseva, Ekaterina"]
[WhiteFideId "2840451"]
[BlackFideId "24173770"]
[WhiteElo "1998"]
[BlackElo "2283"]
[Result "0-1"]
[Round "04"]
[TimeControl "180+2"]
[Date "2023.01.10"]
[WhiteClock "0:00:20"]
[BlackClock "0:00:19"]

1. f4 d5 2. g3 Nf6 3. Nf3 g6 4. Bg2 Bg7 5. O-O O-O 6. d3 c5 7. Qe1 Nc6 8. e4 dxe4 9. dxe4 e5 10. fxe5 Ng4 11. Nc3 Ncxe5 12. Bf4 Be6 13. Nxe5 Nxe5 14. Rd1 Qb6 15. b3 c4+ 16. Kh1 Rfe8 17. Nd5 Bxd5 18. Rxd5 Rac8 19. Bh3 Rcd8 20. Qd1 Nc6 21. Rd7 Rxd7 22. Qxd7 Rd8 23. Bc7 Rxd7 24. Bxb6 Rd2 25. Be3 Rxc2 26. bxc4 Rxc4 27. Rb1 b6 28. Bg2 Ne5 29. Rd1 h6 30. h3 Rc2 31. Ra1 Nc4 32. Bf4 Bxa1 0-1


[Site "https://www.chess.com"]

[Event "Titled Tuesday Blitz January 10 Early 2023"]
[White "Buksa, Nataliya"]
[Black "Lesbekova, Assel"]
[WhiteFideId "14123622"]
[BlackFideId "13713248"]
[WhiteElo "2406"]
[BlackElo "1772"]
[Result "1-0"]
[Round "04"]
[TimeControl "180+2"]
[Date "2023.01.10"]
[WhiteClock "0:02:56"]
[BlackClock "0:01:34"]

1. d4 f5 2. Nc3 Nf6 3. g3 g6 4. Bg2 Bg7 5. e4 fxe4 6. Nxe4 O-O 7. Ne2 d6 8. Nxf6+ Rxf6 9. O-O Nc6 10. c3 Bg4 11. Qc2 e5 12. Bg5 exd4 13. Bxf6 Bxf6 14. Nxd4 Bxd4 15. cxd4 Nxd4 16. Qc4+ 1-0


[Site "https://www.chess.com"]

[Event "Titled Tuesday Blitz January 10 Early 2023"]
[White "Zeman, Matyas"]
[Black "Mendonca, Leon Luke"]
[WhiteFideId "364398"]
[BlackFideId "35028561"]
[WhiteElo "2296"]
[BlackElo "2603"]
[Result "0-1"]
[Round "04"]
[TimeControl "180+2"]
[Date "2023.01.10"]
[WhiteClock "0:00:20"]
[BlackClock "0:01:31"]

1. d4 Nf6 2. Nc3 d5 3. Bf4 a6 4. e3 e6 5. Nf3 c5 6. Qd2 Nc6 7. dxc5 Bxc5 8. Bd3 O-O 9. O-O Qe7 10. e4 d4 11. Na4 Bb4 12. c3 dxc3 13. bxc3 Ba5 14. e5 Nd5 15. Bg5 Qa3 16. Qc2 h6 17. Bc1 Qe7 18. Bd2 b5 19. Nb2 Bb7 20. Rac1 Rac8 21. Qb1 Rfd8 22. Rfd1 Bb6 23. Be4 Na5 24. Nd3 Nxc3 25. Rxc3 Bxe4 26. Rxc8 Rxc8 27. Re1 Bf5 0-1


[Site "https://www.chess.com"]

[Event "Titled Tuesday Blitz January 10 Early 2023"]
[White "Santos Ruiz, Miguel"]
[Black "Gracia Alvarez, Gerardo Antonio"]
[WhiteFideId "22291482"]
[BlackFideId "5109124"]
[WhiteElo "2590"]
[BlackElo "2238"]
[Result "0-1"]
[Round "04"]
[TimeControl "180+2"]
[Date "2023.01.10"]
[WhiteClock "0:00:19"]
[BlackClock "0:00:18"]

1. e4 e6 2. d3 d5 3. Nd2 Nf6 4. g3 dxe4 5. dxe4 Nc6 6. Ngf3 Bc5 7. Bb5 O-O 8. O-O e5 9. Nb3 Qxd1 10. Rxd1 Bb6 11. Nbd2 Bh3 12. Ng5 Bg4 13. Re1 Nd4 14. Bd3 h6 15. h3 hxg5 16. hxg4 Nxg4 17. Kg2 Rad8 18. Nc4 Nxf2 19. Bxg5 f6 20. Nxb6 Nxd3 21. cxd3 axb6 22. Be3 Nc2 0-1


[Site "https://www.chess.com"]

[Event "Titled Tuesday Blitz January 10 Early 2023"]
[White "Sanchez, Robert"]
[Black "Hambleton, Aman"]
[WhiteFideId "2034360"]
[BlackFideId "2606577"]
[WhiteElo "1966"]
[BlackElo "2420"]
[Result "0-1"]
[Round "04"]
[TimeControl "180+2"]
[Date "2023.01.10"]
[WhiteClock "0:00:34"]
[BlackClock "0:00:04"]

1. Nf3 d5 2. e3 Nf6 3. c4 c6 4. Nc3 Bg4 5. h3 Bxf3 6. Qxf3 e6 7. b3 Nbd7 8. d4 Bb4 9. Bd2 Qa5 10. Nb1 Ne4 11. Bxb4 Qxb4+ 12. Kd1 O-O 13. Qe2 dxc4 14. bxc4 c5 15. Qc2 cxd4 16. exd4 f5 17. Bd3 Ndf6 18. f3 Rad8 19. fxe4 fxe4 20. Be2 Rxd4+ 21. Kc1 e5 22. Nc3 e3 23. Rb1 Qa3+ 24. Qb2 Qa5 25. Qb4 Qd8 26. Nd5 b6 27. Rd1 Nxd5 28. cxd5 Rxb4 29. Rxb4 Qd6 30. Rc4 g6 31. Rc6 Qa3+ 32. Kb1 Rf2 33. Rc2 Qb4+ 34. Rb2 Qa4 35. Rc1 Kg7 36. d6 Qe4+ 37. Ka1 Rf6 38. Rd1 Rf8 39. d7 Rd8 40. Rb3 Qxg2 41. Ba6 Qf2 42. Bc8 e2 43. Rdb1 e1=Q 44. Rxe1 Qxe1+ 45. Rb1 Qd2 0-1


[Site "https://www.chess.com"]

[Event "Titled Tuesday Blitz January 10 Early 2023"]
[White "Sattarov, Bobir"]
[Black "Bozorov, Makhsum"]
[WhiteFideId "14203081"]
[BlackFideId "14201330"]
[WhiteElo "2366"]
[BlackElo "2145"]
[Result "1/2-1/2"]
[Round "04"]
[TimeControl "180+2"]
[Date "2023.01.10"]
[WhiteClock "0:00:38"]
[BlackClock "0:00:07"]

1. e4 e5 2. Nf3 Nf6 3. Nc3 Bb4 4. Nxe5 O-O 5. Nd3 Bxc3 6. dxc3 Nxe4 7. Be3 Re8 8. Be2 d6 9. O-O Nd7 10. c4 b6 11. Re1 Bb7 12. Bf3 Nec5 13. Bxb7 Nxb7 14. b4 a5 15. Qf3 Rb8 16. a3 Ne5 17. Qd5 c6 18. Qd4 Nxd3 19. cxd3 c5 20. Qd5 cxb4 21. axb4 axb4 22. Ra7 Re5 23. Qc6 Nc5 24. Rb1 Qe8 25. Qxd6 Rd8 26. Qxb6 Nxd3 27. Rd1 Re6 28. Qb5 Rxe3 29. Qxe8+ Rexe8 30. g3 Re1+ 31. Rxe1 Nxe1 32. Rb7 Nc2 33. c5 g6 34. Kf1 Kg7 35. Ke2 Nd4+ 36. Ke3 b3 37. c6 Nxc6 38. Rxb3 Re8+ 39. Kd2 Nd4 40. Rd3 Ne6 41. h4 h5 42. Re3 Rd8+ 43. Ke2 Nd4+ 44. Kf1 Nf5 45. Ra3 Rd7 46. Kg2 Re7 47. Kf3 Kf6 48. Ra5 Re6 49. Ra4 Nd6 50. Ra5 Kg7 51. Ra6 Rf6+ 52. Ke3 Ne8 53. Ra3 Nc7 54. Rd3 Ne6 55. Rd5 Nf8 56. Ra5 Re6+ 57. Kf3 Nd7 58. Kg2 Nf6 59. Ra2 Ng4 60. f3 Nf6 61. Kf2 Nd5 62. g4 Ne7 63. Ra5 hxg4 64. fxg4 Rf6+ 65. Kg3 Re6 66. h5 gxh5 67. Rxh5 Ng6 68. Rf5 Rf6 69. Rd5 Re6 70. Rf5 Re3+ 71. Kf2 Re7 72. Kg3 Ne5 73. Rg5+ Kf8 74. Rf5 Re6 75. Kf4 Ke7 76. Rxe5 Rxe5 77. Kxe5 Kf8 78. Kf6 Kg8 79. Kf5 Kg7 80. Kg5 f6+ 81. Kf5 Kf7 82. Kf4 Kg6 83. Ke4 Kg5 84. Kf3 f5 85. gxf5 Kxf5 1/2-1/2


[Site "https://www.chess.com"]

[Event "Titled Tuesday Blitz January 10 Early 2023"]
[White "Tillyaev, Ulugbek"]
[Black "Donskov, Anatoly"]
[WhiteFideId "14202441"]
[BlackFideId "24143413"]
[WhiteElo "2287"]
[BlackElo "2279"]
[Result "1-0"]
[Round "04"]
[TimeControl "180+2"]
[Date "2023.01.10"]
[WhiteClock "0:01:33"]
[BlackClock "0:00:01"]

1. b3 e5 2. Bb2 Nc6 3. e3 Nf6 4. Ne2 d5 5. d3 Bd6 6. Nd2 O-O 7. Ng3 a5 8. a3 Re8 9. e4 d4 10. h3 Bf8 11. Qf3 Ne7 12. Ne2 c5 13. g4 a4 14. g5 Nd7 15. h4 b5 16. h5 Qc7 17. Ng3 Ra6 18. Bh3 c4 19. bxc4 bxc4 20. dxc4 Nc5 21. Bxc8 Qxc8 22. Bc1 Qd7 23. Rb1 d3 24. c3 Nc8 25. Nf5 Rb6 26. Rb4 g6 27. hxg6 fxg6 28. Ne3 Bg7 29. Nd5 Rc6 30. Qh3 Qxh3 31. Rxh3 Nd6 32. Re3 Rf8 33. Ne7+ Kh8 34. Nxc6 h6 35. gxh6 Bxh6 36. Rh3 Kg7 37. Nxe5 Bf4 38. Nxd3 Nxd3+ 39. Rxd3 Rh8 40. c5 Rh1+ 41. Ke2 1-0


[Site "https://www.chess.com"]

[Event "Titled Tuesday Blitz January 10 Early 2023"]
[White "Gonzalez, Francisco Silva"]
[Black "Godzwon, Iwo"]
[WhiteFideId "1512285"]
[BlackFideId "21802483"]
[WhiteElo "2021"]
[BlackElo "2394"]
[Result "0-1"]
[Round "04"]
[TimeControl "180+2"]
[Date "2023.01.10"]
[WhiteClock "0:00:56"]
[BlackClock "0:01:04"]

1. d4 Nf6 2. c4 b6 3. Nc3 Bb7 4. a3 d5 5. cxd5 Nxd5 6. Qa4+ Qd7 7. Qxd7+ Nxd7 8. Nb5 a6 9. Nc3 e6 10. Nf3 Be7 11. Nxd5 Bxd5 12. Bf4 c5 13. e3 Bf6 14. Be5 Bxf3 15. Bxf6 Nxf6 16. gxf3 cxd4 17. exd4 Ke7 18. Rc1 Kd6 19. Kd2 b5 20. Rc3 Rhc8 21. Bd3 Nd5 22. Rcc1 Ne7 23. Be4 Rxc1 24. Rxc1 Rb8 25. b3 g5 26. Ke3 h6 27. f4 f5 28. Bf3 a5 29. h3 b4 30. a4 Rc8 31. Rxc8 Nxc8 32. fxg5 hxg5 33. Be2 Ne7 34. Bc4 Ng6 35. Kf3 e5 36. Ke3 Nf4 37. Bf1 Nd5+ 38. Kd3 e4+ 39. Kc4 Kc6 40. Bg2 Nb6# 0-1


[Site "https://www.chess.com"]